 Dungeon Crawl Stone Soup version 0.30.0-29-ga12c61a403 (webtiles) character file.

Game seed: 6278054599422292147

37 LustLizard the Gusty (level 3, -7/22 HPs)
             Began as an Octopode Air Elementalist on June 24, 2023.
             Killed by nerve-wracking pain
             ... invoked by Jessica
              (12 damage)
             ... on level 2 of the Dungeon.
             The game lasted 00:02:38 (1457 turns).

LustLizard the Gusty (Octopode Air Elementalist)    Turns: 1457, Time: 00:02:38

Health: -7/22      AC:  1    Str:  9    XL:     3   Next: 39%
Magic:  2/6        EV: 13    Int: 17    God:
Gold:   35         SH:  0    Dex: 12    Spells: 5/6 levels left

rFire   . . .        (no weapon)
rCold   . . .        (no shield)
rNeg    . . .        (helmet restricted)
rPois   .            (no amulet)
rElec   .            (no ring)
rCorr   .            (no ring)
SInv    .            (no ring)
Will    .....        (no ring)
Stlth   +++          (no ring)
HPRegen 0.23/turn    (no ring)
MPRegen 0.10/turn    (no ring)
                     (no ring)

%: no passive effects
@: no status effects
A: almost no armour, amphibious, 8 rings, camouflage 1, gelatinous body 1,
(nimble swimmer 1), tentacles
a: no special abilities


You were on level 2 of the Dungeon.
You visited 1 branch of the dungeon, and saw 2 of its levels.

You collected 57 gold pieces.
You spent 22 gold pieces at shops.

Inventory:

Scrolls
 b - a scroll of enchant weapon {unknown}
 c - 2 scrolls of identify
Potions
 a - 2 potions of magic


   Skills:
 + Level 0.9 Fighting
 - Level 2.0 Dodging
 + Level 3.3 Stealth
 + Level 2.3 Spellcasting
 + Level 1.4 Conjurations
 * Level 3.5 Air Magic


You had 5 spell levels left.
You knew the following spells:

 Your Spells              Type           Power      Damage    Failure   Level
a - Shock                 Conj/Air       40%        1d5       7%          1

Your spell library contained the following spells:

 Spells                   Type           Power      Damage    Failure   Level
 Static Discharge         Conj/Air       20%        2-3/arc   11%         2
 Swiftness                Air            13%        N/A       13%         3
 Airstrike                Air            6%         2d(1-17)  41%         4


Dungeon Overview and Level Annotations

Branches:
Dungeon (2/15)

Altars:

Shops:
D:1 ?

Annotations:
D:2 Jessica


Innate Abilities, Weirdness & Mutations

You cannot wear most types of armour.
You are amphibious.
You can wear up to eight rings at the same time.
Your skin changes colour to match your surroundings (Stealth+).
Your rubbery body absorbs attacks. (AC +1, EV +1)
((You are camouflaged when in or above water. (Stealth+)))
You have tentacles for arms and can constrict up to eight enemies at once.


Message History

Orders for allies: a - Attack new target. r - Retreat! s - Stop attacking. g - Guard the area. f - Follow me.
Anything else - Cancel.
You shout for attention!
You hear an angry hiss.
A kobold comes into view. It is wielding a +0 short sword.
You see here a rat corpse.
Aiming: Shock (safe; 7% risk of failure)
Press: ? - help, Q - select action Shift-Dir - straight line, f - kobold
Aim: a kobold, wielding a +0 short sword (60% to hit)
The zap hits the kobold.
The kobold is heavily wounded.
Unknown command.
Aiming: Shock (safe; 7% risk of failure)
Press: ? - help, Q - select action Shift-Dir - straight line, f/p - kobold
Aim: a kobold, wielding a +0 short sword (heavily wounded, 60% to hit)
The zap hits the kobold.
You kill the kobold!
Unknown command.
Found 15 gold pieces.
Jessica the Apprentice Sorceress comes into view.
She is wielding a +0 club.
Jessica gestures wildly while chanting.
Jessica blinks!
An adder comes into view.
Jessica gestures at you while chanting. Pain shoots through your body!
The adder moves out of view.
Jessica points at you and mumbles some strange words.
Pain shoots through your body!
Ouch! That really hurt!
* * * LOW HITPOINT WARNING * * *
Jessica casts a spell.
Jessica seems to speed up.
There is a stone staircase leading up here.
Unknown command.
The adder hisses angrily.
Jessica looks very angry.
Jessica points at you and mumbles some strange words.
Pain shoots through your body!
Ouch! That really hurt!
You die...

.......# . ......#
..... ........#
.....
........####...##
........#.......#
................#.
......#...?.......
..
.†.....@........###
.?.
............@...#..
...
.....?#.#.......#.)
#.#
#.....#S#.†..#+##.#
#.# #####
#.#.........####.#
..#...............
###....(..........
$...........##...O
#...).........#.#.#


You could see an adder and Jessica (fast).

Vanquished Creatures
  A dart slug (D:1)
  An orc (D:2)
  2 endoplasms
  3 giant cockroaches (D:1)
  4 hobgoblins (D:1)
  A quokka (D:1)
  4 ball pythons
  4 bats (D:1)
  6 frilled lizards
  2 goblins (D:1)
  4 kobolds
  3 rats
35 creatures vanquished.

Notes
Turn   | Place    | Note
-------+----------+-------------------------------------------
     0 | D:1      | LustLizard the Octopode Air Elementalist began the quest
                  | for the Orb.
     0 | D:1      | Reached XP level 1. HP: 11/11 MP: 3/3
   213 | D:1      | Reached XP level 2. HP: 16/18 MP: 0/5
   910 | D:1      | Reached XP level 3. HP: 22/22 MP: 0/6
  1085 | D:1      | Found The Oracle's Delphic Readings.
  1089 | D:1      | Bought a scroll of identify for 22 gold pieces
  1263 | D:2      | Noticed an ogre
  1451 | D:2      | Noticed Jessica
  1457 | D:2      | Killed from afar by Jessica

Illustrated notes

Levels and vault maps discovered:
D:1:      reono_arrival_forest_river, layout_loops_ring,
          nicolae_nh_oracle_at_delphi
D:2:      layout_basic, serial_glass, glass_columns_c, glass_columns_b,
          uniq_jessica

Skill      XL: |  1  2 |
---------------+-------+-----
Stealth        | 3 |  3.3
Fighting       | |  0.9
Dodging        | |  2.0
Spellcasting   | |  2.3
Conjurations   | |  1.4
Air Magic      | |  3.5

Action                     || total
---------------------------++-------
  Melee: Unarmed           ||    14
         Constrict         ||     2
         Tentacles         ||     4
   Cast: Shock             ||    72
 Armour: Skin              ||     3
  Dodge: Dodged            ||     8
